 Dungeon Crawl Stone Soup version 0.18.1-1-g2f07953 (webtiles) character file.

206 Chiseanne the Skirmisher (level 5, -4/62 HPs)
             Began as an Ogre Air Elementalist on May 7, 2016.
             Slain by a worker ant (7 damage)
             ... on level 4 of the Dungeon.
             The game lasted 00:07:02 (3629 turns).

Chiseanne the Skirmisher (Ogre Air Elementalist)    Turns: 3629, Time: 00:07:03

Health: -4/62      AC:  3    Str: 13    XL:     5   Next: 84%
Magic:  1/8        EV: 15    Int: 14    God:
Gold:   60         SH:  5    Dex: 16    Spells: 2 memorised, 5 levels left

rFire  . . .     SeeInvis .     j - +0 flail
rCold  . . .     Gourm    .     a - +0 robe
rNeg   + . .     Faith    .     (no shield)
rPois  .         Spirit   .     (helmet restricted)
rElec  .         Dismiss  .     (no cloak)
rCorr  .         Reflect  +     (gloves unavailable)
SustAt .         Harm     .     (boots unavailable)
MR     .....                    g - +5 amulet of reflection
Stlth  +++.......               (no ring)
                                n - ring of positive energy

@: agile, lethally poisoned (-4 -> -7), very slightly contaminated, repel
missiles, not resistant to hostile enchantments, fairly stealthy
A: unfitting armour, tough skin 1
a: no special abilities


You were on level 4 of the Dungeon.
You were hungry.

You visited 1 branch of the dungeon, and saw 4 of its levels.

You collected 60 gold pieces.

Inventory:

Hand Weapons
 j - a +0 flail (weapon)
Missiles
 e - 43 arrows
 k - 87 stones (quivered)
 l - 6 tomahawks of returning
 t - 24 bolts
Armour
 a - a +0 robe (worn)
Jewellery
 g - a +5 amulet of reflection (around neck)
 n - a ring of positive energy (left hand)
Scrolls
 d - a scroll of amnesia
 h - 2 scrolls of identify
Books
 b - a book of Air

   Spells                             Type                      Level
   a - Shock                          Conjuration/Air              1
   b - Swiftness                      Charms/Air                   2
   c - Repel Missiles                 Charms/Air                   2
   d - Static Discharge               Conjuration/Air              3
   e - Lightning Bolt                 Conjuration/Air              5
Comestibles
 c - 3 bread rations
 o - 2 beef jerkies


   Skills:
 - Level 7.0 Fighting
 * Level 0.6 Maces & Flails
 - Level 1.7 Dodging
 - Level 1.5 Stealth
 - Level 2.4 Spellcasting
 - Level 0.6 Conjurations
 - Level 2.1 Air Magic


You had 5 spell levels left.
You knew the following spells:

 Your Spells              Type           Power        Failure   Level  Hunger
a - Shock                 Conj/Air       #...         14%         1    #......
b - Repel Missiles        Chrm/Air       #.....       24%         2    ###....


Dungeon Overview and Level Annotations

Branches:
Dungeon (4/15)
 Temple: D:4-7

Altars:
Ru
Vehumet

Annotations:
D:3 Chiseanne's ghost, amateur OgAE


Innate Abilities, Weirdness & Mutations

You are too large for most types of armour.
You have tough skin (AC +1).


Message History

The worker ant poisons you!
* * * LOW HITPOINT WARNING * * *
You feel sick. The worker ant completely misses you.
Found 15 gold pieces.
Drink which item? (? for menu, Esc to quit)
You feel better. The worker ant bites you.
* * * LOW HITPOINT WARNING * * *
You are poisoned.
The worker ant poisons you! The worker ant bites you.
* * * LOW HITPOINT WARNING * * *
Unknown command.
Drink which item? (? for menu, Esc to quit)
You feel agile all of a sudden.
You feel sick. The worker ant bites you.
* * * LOW HITPOINT WARNING * * *
You closely miss the worker ant.
The worker ant is lightly wounded.
* * * LOW HITPOINT WARNING * * *
You feel sick. The worker ant bites you!
You die...

#..$.........#
#............#
#..............
#......[.......
#..............
#.....)........
#............#
#.....@......#
#......a.....#
........<..####
...........#
...........#
...!.......#
#####....#.#
#.####.# #. .#


You could see a worker ant.

Vanquished Creatures
  An orc wizard (D:3)
  3 gnolls (D:2)
  6 adders
  An ooze (D:1)
  A worm (D:2)
  2 dart slugs
  A giant gecko (D:3)
  4 orcs (D:3)
  6 bats
  4 giant cockroaches
  13 goblins
  10 hobgoblins
  6 jackals
  7 kobolds
  3 giant newts
  A quokka zombie (D:3)
  13 rats
82 creatures vanquished.

Vanquished Creatures (others)
  2 jackals (D:3)
2 creatures vanquished.

Grand Total: 84 creatures vanquished

Notes
Turn   | Place    | Note
--------------------------------------------------------------
     0 | D:1      | Chiseanne the Ogre Air Elementalist began the quest for the Orb.
     0 | D:1      | Reached XP level 1. HP: 16/16 MP: 3/3
    30 | D:1      | Reached skill level 1 in Fighting
   174 | D:1      | Reached skill level 2 in Fighting
   175 | D:1      | Reached XP level 2. HP: 21/28 MP: 5/5
   439 | D:1      | Reached skill level 3 in Fighting
   579 | D:1      | Reached XP level 3. HP: 17/37 MP: 6/6
  1207 | D:2      | Reached skill level 4 in Fighting
  1436 | D:2      | Found a sacrificial altar of Ru.
  1602 | D:2      | Reached XP level 4. HP: 39/49 MP: 7/7
  1622 | D:2      | Found a radiant altar of Vehumet.
  1666 | D:3      | Reached skill level 5 in Fighting
  1984 | D:2      | Reached skill level 6 in Fighting
  1984 | D:2      | Reached XP level 5. HP: 44/59 MP: 8/8
  2245 | D:2      | Learned a level 2 spell: Repel Missiles
  2483 | D:3      | Noticed Chiseanne's ghost (amateur OgAE)
  3090 | D:3      | Reached skill level 7 in Fighting
  3628 | D:4      | HP: 3/62 [worker ant (2)]
  3629 | D:4      | Slain by a worker ant

Skill      XL: |  1  2  3  4  5 |
---------------+----------------+-----
Fighting       | 2 3 4 6 7 |  7.0
Maces & Flails | |  0.6
Dodging        | |  1.7
Stealth        | |  1.5
Spellcasting   | |  2.4
Conjurations   | |  0.6
Air Magic      | |  2.1

Action                   |  1- 3 |  4- 6 || total
-------------------------+-------+-------++-------
Melee: Short sword       |   150 |    34 ||   184
       Hand axe          |       |   126 ||   126
       Flail             |       |    13 ||    13
 Cast: Shock             |       |    41 ||    41
       Repel Missiles    |       |     1 ||     1
  Use: Potion            |       |     7 ||     7
       Scroll            |       |     7 ||     7
 Stab: Sleeping          |     1 |     2 ||     3
       Invisible         |       |     3 ||     3
  Eat: Chunk             |     2 |     8 ||    10
Armor: Robe              |    34 |    39 ||    73
Dodge: Dodged            |    60 |   106 ||   166
Block: Other             |    30 |    41 ||    71
       Reflection        |       |     1 ||     1
